Cogmind - Beta 13 @@@ ROGUE MODE // 2024.04.19 @ 11:31:20 Player: Sweaty Result: Destroyed by G-34 Mercenary with Small Laser Performance ------------- Evolutions (1) 500 Regions Visited (2) 400 Robots Destroyed (31) 155 Value Destroyed (829) 829 Prototype IDs (0) 0 Alien Tech Used (0) 0 Bonus (0) 0 TOTAL SCORE: 1884 Bonus ------- None Cogmind --------- Core Integrity 0/400 Matter 300/300 Energy 250/250 System Corruption 9% Temperature Cool (6) Movement Walking (190) Ox1 Location -9/Materials Parts ------- > --- POWER (2) -------- Ion Engine > --- PROPULSION (2) --- Aluminum Leg > --- UTILITY (2) ------ Small Storage Unit Visual Processing Unit > --- WEAPON (3) ------- Heavy Assault Rifle (fused) Flail > --- INVENTORY (8) ---- Aluminum Leg Core Shielding Beam Rifle Peak State ------------ > --- POWER ------------ Ion Engine > --- PROPULSION ------- Aluminum Leg Aluminum Leg > --- UTILITY ---------- Small Storage Unit Visual Processing Unit > --- WEAPON ----------- Heavy Assault Rifle Shotgun Flail > --- INVENTORY -------- Core Shielding [Rating: 12] Favorites ----------- Power Ion Engine Engine Ion Engine Propulsion Light Treads Treads Light Treads Leg Aluminum Leg Utility Small Storage Unit Device Heat Sink Storage Small Storage Unit Processor Visual Processing Unit Weapon EM Pulse Gun Energy Gun EM Pulse Gun Energy Cannon Light EM Pulse Cannon Ballistic Gun Shotgun Impact Weapon Flail Build | -11 -10 -9 ------- Run | Yrd Mat Mat Slots Evolved 2 | . . 2 Power 1 | . . 1 Propulsion . | . . . Utility . | . . . Weapon 1 | . . 1 Parts Attached 28 | 6 2 20 Power 4 | 1 . 3 Engine 4 | 1 . 3 Core . | . . . Reactor . | . . . Propulsion 6 | 2 . 4 Treads 2 | 2 . . Leg 4 | . . 4 Wheel . | . . . Hover . | . . . Flight . | . . . Utility 3 | 1 1 1 Device 1 | . 1 . Storage 1 | 1 . . Processor 1 | . . 1 Hackware . | . . . Protection . | . . . Artifact . | . . . Weapon 15 | 2 1 12 Energy Gun 9 | 2 1 6 Energy Cannon 3 | . . 3 Ballistic Gun 2 | . . 2 Ballistic Cannon . | . . . Launcher . | . . . Special Weapon . | . . . Impact Weapon 1 | . . 1 Slashing Weapon . | . . . Piercing Weapon . | . . . Special Melee Weapon . | . . . Unidentified Prototypes . | . . . Corrupted Parts 2 | . . 2 System Corruption 4 | . . 4 Parts Lost 14 | . . 14 Power 2 | . . 2 Propulsion 5 | . . 5 Utility 1 | . . 1 Weapon 6 | . . 6 Highest Loss Streak 6 | . . 6 To Critical Strikes . | . . . Average Slot Usage (%) 85 | . 94 79 Engine 13 | . 14 12 Treads 15 | . 28 5 Leg 7 | . . 13 Device 6 | . 8 4 Storage 12 | . 14 11 Processor 2 | . . 4 Energy Gun 17 | . 28 10 Energy Cannon 2 | . . 3 Ballistic Gun 3 | . . 6 Impact Weapon 3 | . . 6 Naked Turns . | . . . Heaviest Build 23 | 14 15 23 Greatest Support 40 | 40 40 40 Greatest Overweight (x) 4 | . . 4 Average Overweight (x) . | . . . Largest Inventory Capacity 8 | 8 8 8 Average Capacity 7 | 7 8 8 Most Carried 7 | 3 7 6 Average Carried 3 | 1 5 2 Final Capacity 8 | 8 8 8 Final Carried 6 | 3 6 3 Class Distribution -------------------- 57% | Mutant 23% | Scavenger-Mutant 12% | Gunner 6% | Scavenger-Gunner Dominant Class ---------------- Mutant | -10/Materials Scavenger-Mutant | -9/Materials Resources | -11 -10 -9 ----------- Run | Yrd Mat Mat Matter Collected 458 | 256 22 180 Remotely . | . . . Salvage Created 1190 | . 211 979 Parts 66 | . 13 53 Haulers Intercepted . | . . . Recyclers Shooed 1 | . . 1 Parts Field Recycled . | . . . Retrieved Matter . | . . . Parts Self-Destructed . | . . . Prevented . | . . . Kills | -11 -10 -9 ------- Run | Yrd Mat Mat Combat Hostiles Destroyed 27 | . 4 23 Melee 2 | . . 2 Guns 19 | . 4 15 Cannons 1 | . . 1 AOE 1 | . . 1 Classes Destroyed 8 | . 2 6 Builder 1 | . . 1 Recycler 2 | . . 2 Watcher 1 | . 1 . Swarmer 7 | . . 7 Grunt 17 | . 4 13 Brawler 1 | . . 1 Duelist 1 | . . 1 Sentry 1 | . . 1 Best Kill Streak 7 | . 4 7 Combat Bots Only 6 | . 4 6 Max Kills in Single Turn 2 | . 1 2 Gunslinging 1 | . . 1 Exploded 1 | . . 1 Melee 1 | . . 1 Uniques/NPCs Destroyed . | . . . Combat | -11 -10 -9 -------- Run | Yrd Mat Mat Hostile Shots Fired 217 | . 21 196 Missed 49 | . 6 43 Damage Taken 2077 | . 160 1917 Core 437 | . 32 405 Absorbed by Shields . | . . . Core Remaining (%) 93 | 100 87 . Volleys Fired 70 | . 27 43 Largest 3 | . 2 3 Hottest 168 | . 80 168 Shots Fired 154 | . 54 100 Gun 142 | . 54 88 Cannon 12 | . . 12 Launcher . | . . . Special . | . . . Kinetic 12 | . . 12 Thermal 21 | . . 21 Explosive . | . . . Electromagnetic 121 | . 54 67 Robot Hit Streak 7 | . 5 7 Robot Miss Streak 8 | . 2 8 Penetration Max . | . . . Secondary Targets 6 | . . 6 Max Gunslinging Chain 1 | . . 1 Shots Hit Robots 100 | . 25 75 Core Hits 38 | . 9 29 Critical Kills . | . . . Critical Parts Destroyed 3 | . . 3 Critical Strikes 5 | . 2 3 Corrupt 2 | . 2 . Smash 3 | . . 3 Melee Attacks 27 | . . 27 Impact 27 | . . 27 Slashing . | . . . Piercing . | . . . Sneak Attacks 2 | . . 2 Combat Hostiles . | . . . Follow-up Attacks . | . . . Damage Inflicted 2127 | . 368 1759 Guns 1029 | . 366 663 Cannons 146 | . . 146 Explosions 300 | . . 300 Melee 645 | . . 645 Ramming 7 | . 2 5 Kinetic 130 | . . 130 Thermal 425 | . . 425 Explosive . | . . . Electromagnetic 920 | . 366 554 Impact 645 | . . 645 Slashing . | . . . Piercing . | . . . Highest Corruption 9 | . . 9 Average Corruption 7 | . . 7 Corruption Purged . | . . . Corruption Blocked . | . . . Effects 21 | . . 21 Message Errors 3 | . . 3 Matter Fused 2 | . . 2 Heat Flow Errors 5 | . . 5 Energy Discharges 7 | . . 7 Parts Fused 1 | . . 1 Data Loss (minor) 1 | . . 1 Alerts 2 | . . 2 Overload Shots . | . . . Overflow Damage 240 | . . 240 Projectiles . | . . . Explosions 62 | . . 62 Melee 178 | . . 178 Knockbacks 1 | . . 1 Impact 1 | . . 1 Kinetic . | . . . Secondary . | . . . Self-Inflicted Damage 117 | . . 117 Shots 2 | . . 2 Rammed 1 | . 1 . Targets Rammed 2 | . 1 1 Kicked 1 | . . 1 Crushed . | . . . Highest Temperature 416 | . 200 416 Average Temperature 158 | . 121 173 Received Heat Transfer 864 | . 90 774 Effects 10 | . . 10 Shutdowns 2 | . . 2 Energy Bleed 2 | . . 2 Interference 1 | . . 1 Matter Decay 1 | . . 1 Short Circuit 3 | . . 3 Damage (minor) 1 | . . 1 Siege Activations . | . . . Robots Corrupted 1 | . . 1 Combat Hostiles 1 | . . 1 Parts Fried 9 | . 4 5 Impact Corruptions 9 | . . 9 Robots Melted . | . . . Combat Hostiles . | . . . Parts Melted . | . . . Heat Transferred 575 | . . 575 Parts Sabotaged . | . . . Parts Stolen . | . . . Parts Stripped . | . . . Power Chain Reactions 2 | . . 2 Alert | -11 -10 -9 ------- Run | Yrd Mat Mat Peak Influence 386 | . 186 386 Initial . | . . . Average 139 | . 40 222 Maximum Alert Level 1 | . . 1 Low Security (%) 58 | 100 100 23 Level 1 41 | . . 76 Level 2 . | . . . Level 3 . | . . . Level 4 . | . . . Level 5 . | . . . High Security . | . . . Max Security . | . . . Squads Dispatched 10 | . 3 7 Investigation 3 | . 1 2 Extermination . | . . . Reinforcement 7 | . 2 5 Assault . | . . . Garrison . | . . . Intercept . | . . . Searches Triggered . | . . . Construction Impeded . | . . . Haulers Reinforced . | . . . Active Scanning Responses . | . . . Cargo Convoy Interrupts . | . . . Stealth | -11 -10 -9 --------- Run | Yrd Mat Mat Distress Signals 3 | . 1 2 Communications Jammed . | . . . Distress Signals . | . . . Times Spotted 51 | . 10 41 Peak Tracking Total 6 | . 4 6 Tactical Retreats 4 | . 2 2 Traps | -11 -10 -9 ------- Run | Yrd Mat Mat Traps Triggered 2 | . . 2 Indirectly . | . . . Trap Hack Attempts . | . . . Triggered . | . . . Disarmed . | . . . Reprogrammed . | . . . Reused . | . . . Traps Extracted . | . . . Installed . | . . . Triggered . | . . . Machines | -11 -10 -9 ---------- Run | Yrd Mat Mat Machines Disabled 2 | . . 2 Max in Single Turn 2 | . . 2 Machines Repaired . | . . . Machines Dismantled . | . . . Machines Sabotaged . | . . . Overloaded Fab Kills . | . . . Hacking | -11 -10 -9 --------- Run | Yrd Mat Mat Machines Accessed 4 | . 1 3 Terminals 3 | . 1 2 Fabricators . | . . . Repair Stations . | . . . Recycling Units 1 | . . 1 Scanalyzers . | . . . Garrison Access . | . . . Total Hacks 9 | . 1 8 Successful 3 | . 1 2 Failed 6 | . . 6 Catastrophic . | . . . Database Lockouts . | . . . Manual 3 | . 2 1 Terminals 7 | . 1 6 Fabricators . | . . . Repair Stations . | . . . Recycling Units 2 | . . 2 Scanalyzers . | . . . Garrison Access . | . . . Terminal Hacks 1 | . 1 . Locate Traps 1 | . 1 . Fabricator Hacks . | . . . Repair Station Hacks . | . . . Recycling Unit Hacks 2 | . . 2 Report Inventory 1 | . . 1 Retrieve Matter 1 | . . 1 Scanalyzer . | . . . Garrison Access Hacks . | . . . Unauthorized Hacks . | . . . Terminals . | . . . Fabricators . | . . . Repair Stations . | . . . Recycling Units . | . . . Scanalyzers . | . . . Garrison Access . | . . . Data Cores Recovered . | . . . Used . | . . . Hacking Detections 3 | . 1 2 Full Trace Events 3 | . 1 2 Feedback Events . | . . . Feedback Blocked . | . . . Robot Schematics Acquired . | . . . Robots Built . | . . . Authchips . | . . . Time . | . . . Total Robot Build Rating . | . . . Part Schematics Acquired . | . . . Parts Built . | . . . Authchips . | . . . Time . | . . . Total Part Build Rating . | . . . Parts Repaired . | . . . Time . | . . . Parts Recycled . | . . . Recycled Matter . | . . . Retrieved Matter 126 | . . 126 Retrieved Components . | . . . Parts Scanalyzed . | . . . Part Schematics Acquired . | . . . Parts Damaged . | . . . Bothacking | -11 -10 -9 ------------ Run | Yrd Mat Mat Used RIF Installer . | . . . Robots Hacked . | . . . Non-combat . | . . . Combat . | . . . Robot Hacks Applied . | . . . Relay Couplers Released . | . . . Fabnet Peak Effective % . | . . . Robots Rewired . | . . . Allies Hacked . | . . . Hacks Repelled . | . . . Allies | -11 -10 -9 -------- Run | Yrd Mat Mat Total Allies . | . . . Largest Group . | . . . Highest-Rated Group . | . . . Highest-Rated Ally . | . . . Total Orders . | . . . Ally Attacks . | . . . Total Damage . | . . . Kills . | . . . Allies Corrupted . | . . . Allies Melted . | . . . Intel | -11 -10 -9 ------- Run | Yrd Mat Mat Robot Analysis Total . | . . . Derelict Logs Recovered . | . . . Drone Launches . | . . . Drone Recoveries . | . . . Exploration | -11 -10 -9 ------------- Run | Yrd Mat Mat Turns Passed 1797 | 71 737 989 Spaces Moved 975 | 43 403 529 Core 51 | 11 . 40 Treads 533 | 32 403 98 Legs 391 | . . 391 Wheels . | . . . Hover . | . . . Flight . | . . . Fastest Speed 50 | 50 160 120 Average Speed 148 | 131 160 141 Slowest Speed 250 | 160 160 250 Overloaded Moves . | . . . Propulsion Burnouts . | . . . Robots Hopped . | . . . Cave-ins Triggered . | . . . Exploration Rate (%) 39 | 3 69 46 Regions Visited 2 Branch Regions . Pre-discovered Areas . | . . . Known Exits Taken . | . . . Unknown Exits Taken 2 | 1 1 . Scrap Searched . | . . . Spaces Dug . | . . . Terrain Destroyed 17 | . . 17 Melee . | . . . Projectile . | . . . AOE 17 | . . 17 Terrain Rammed . | . . . Walls Destroyed . | . . . Machines Disabled . | . . . Actions | -11 -10 -9 --------- Run | Yrd Mat Mat Total 1145 | 57 442 646 Wait 4 | . . 4 Move 973 | 42 402 529 Hop . | . . . Pick Up 32 | 9 7 16 Fast Attach . | . . . Attach 20 | 6 1 13 Detach . | . . . Swap 8 | . 1 7 Drop 9 | . 3 6 Fire 70 | . 27 43 Melee 27 | . . 27 Ram . | . . . Kick 1 | . . 1 Crush 1 | . 1 . Escape Stasis . | . . . Rewire . | . . . Trap . | . . . Miscellaneous . | . . . Route ------- -11/Scrapyard -10/Materials (discovered 3 exits: *Mat x2 / [*Min]) -9/Materials (discovered 3 exits: [*Mat] / [*Min x2]) History --------- Turn | Location | Event 2 | -11/Scrapyard | Discovered new exit (range 16) 72 | -11/Scrapyard | Entered Materials 317 | -10/Materials | Build established: Mutant 390 | -10/Materials | Discovered new exit (range 15) 455 | -10/Materials | Discovered new exit (range 8) 615 | -10/Materials | Discovered new exit (range 4) 809 | -10/Materials | Entered another Materials area 809 | -9/Materials | Evolved 2 slots: Power x1, Weapon x1 811 | -9/Materials | Discovered new exit (range 7) 1097 | -9/Materials | Lost 3 parts (1p2n) 1110 | -9/Materials | Discovered new exit (range 15) 1246 | -9/Materials | Core integrity fell below 50% 1274 | -9/Materials | Lost 6 parts (1p1n1u3w) 1286 | -9/Materials | Core integrity fell below 20% 1441 | -9/Materials | Discovered new exit (range 17) 1644 | -9/Materials | Build established: Scavenger-Mutant 1798 | -9/Materials | Destroyed by G-34 Mercenary with Small Laser Last Messages --------------- 01758_ Aluminum Leg destroyed. 01760_ U-05 Engineer builds a Wall. 01764_ System corrupted: Component data lost. 01764_ U-05 Engineer lays Concrete. 01777_ Neutrino Reactor explodes. 01777_ G-34 Mercenary destroyed. 01777_ Explosive Trap short circuited. 01777_ An explosion rips through the floor. 01777_ Shotgun destroyed. 01777_ U-05 Engineer lays Concrete. 01779_ Neutrino Reactor explodes. 01779_ O-16 Technician destroyed. 01779_ U-05 Engineer lays Concrete. 01783_ System corrupted: Energy discharge (-85). 01783_ U-05 Engineer lays Concrete. 01793_ Destroyed Heat Sink. 01793_ G-34 Mercenary system corrupted by crushing effect. 01793_ G-34 Mercenary knocked back. 01794_ U-05 Engineer lays Concrete. Map ----- +----------------------------------------------------+ | ???????# #?????## ###########? | | ???????# #??????# # #? | | ???????# ######?# # #? | | ???????# # ### + """"""" #? | | ???????# ## " # """"""" #? | | #??????# %* # """""""??? | | ??????# # """"""???? | | ######* # """""????? | | ==[=% %= # ????? | | ######=%= !! % #######????? | | ??????# ! %= #??????????? | | #??????# = #??????????? | | #??????# * #??????????? | | #?????##[% [*% #??????????? | | #?????## "####+%="""####??????????? | | ########=##?? == #?????????????? | | # ##? #?????????????? | | """ T!/= + #?????????????? | | """ %#### #?????????????? | | """ =*#??# #??########???? | | % #??# #??#! #???? | | """ !! #??# #??# #???? | | """ !! #??# #??# """ #???? | | """ !! #??###########??# """ !#???? | | #???????????????# """ #???? | | ########????????###???##g@ #???? | | ################# ##### #####??? | | % % g #?? | | ##### ######## !%* #?? | | ????# #?????## #?? | | ????# #?????# u #?? | | ????# #?????# #?? | | ????# #?????## ! ""? | | ????# #??????# /% T"# | | ????# #??????# """ """ ""# | | ????# #??????# """u """ ### | | ????# #??????# """ % """ #?? | | ???##+#####??# #?? | | ???# #### ? #?? | | ???# """# #######??###?? | | ???# "" R"#### #????????????? | | ???# S"" """#??? #????????????? | | ???# "" ####??? #????????????? | | ???# #??????+##+#????????????? | | ???####+###????????? ????????????? | | ??????????????????????????????????? | | ??????????????????????????????????? | | ??????????????????????????????????? | | ??????????????????????????????????? | | ??????????????????????????????????? | +----------------------------------------------------+ Best States ------------- Heat Dissipation 38 Energy Generation 15 Energy Capacity 400 Matter Stores 300 Matter Capacity 300 Sight Range 18 Terrain Scan Density 10 Evasion (%) 55 Recoil Reduction 2 Item Schematics ----------------- None Robot Schematics ------------------ None Fabricated ------------ Nothing Alien Tech Used ----------------- None Achievements -------------- Power Corrupts Challenges ------------ None Game ------ Seed SystemIntegratedShearcannon Manual? 0 Play Time 00:19:51 Cumulative 3.2 hours Start 2024.04.19 @ 11:11:48 End 2024.04.19 @ 11:31:20 Sessions 1 Manual Loads 0 Difficulty Rogue Special Mode None Game No. 5 Rogue 5 Adventurer 0 Explorer 0 Win Type - Total 0 Types 0/0/0/0/0/0/0/0/0 Lore% 2 Gallery% 6 Achievement% 7 Wizard Run 0 Options --------- Layout 1 ASCII 0 Keyboard 0 Movement Mouse Keybinds 0 Fullscreen 1 Font 24/Smallcaps Map View 50x35 Zoom Use 0% Tactical HUD 1 Map Filters NONE Filters NONE Steam 1 RUN: 192dd2ae-5639-4cd7-b416-d2ad9a0762d4